 Dungeon Crawl Stone Soup version 0.16-a0-3300-g0332368 (webtiles) character file.

821 Ololoev the Conjurer (level 7, -10/41 HPs)
             Began as an Octopode Fire Elementalist on Dec 25, 2014.
             Shot with a poisoned arrow by a centaur (12 damage)
             ... on level 5 of the Dungeon.
             The game lasted 00:18:13 (5179 turns).

Ololoev the Conjurer (Octopode Fire Elementalist)   Turns: 5179, Time: 00:18:14

Health: -10/41     AC:  1    Str:  8    XL:     7   Next: 95%
Magic:  15/17      EV: 12    Int: 24    God:
Gold:   191        SH:  0    Dex: 12    Spells: 2 memorised, 10 levels left

rFire  . . .     SeeInvis .     b - +2 dagger (venom)
rCold  . . .     Clarity  .     (no shield)
rNeg   . . .     SustAb   .     (helmet restricted)
rPois  .         Gourm    .     (no amulet)
rElec  .         Spirit   .     (no ring)
rCorr  .         Warding  .     (no ring)
rMut   .         Stasis   .     (no ring)
MR     .....                    (no ring)
Stlth  +++.......               (no ring)
                                (no ring)
                                (no ring)
                                (no ring)

@: brilliant, lethally poisoned, not resistant to hostile enchantments, fairly
stealthy
A: almost no armour, amphibious, 8 rings, constrict 8, camouflage 1, gelatinous
body 1
a: no special abilities


You were on level 5 of the Dungeon.
You were very hungry.

You visited 1 branch of the dungeon, and saw 5 of its levels.

You collected 191 gold pieces.

Notes
Turn   | Place    | Note
--------------------------------------------------------------
     0 | D:1      | Ololoev, the Octopode Fire Elementalist, began the quest for the Orb.
     0 | D:1      | Reached XP level 1. HP: 11/11 MP: 3/3
   621 | D:1      | Reached XP level 2. HP: 12/17 MP: 2/4
  1359 | D:1      | Reached XP level 3. HP: 21/21 MP: 6/6
  1536 | D:2      | Learned a level 3 spell: Conjure Flame
  1742 | D:2      | Noticed Robin
  1804 | D:2      | Killed Robin
  1804 | D:2      | Reached XP level 4. HP: 6/27 MP: 1/7
  2557 | D:2      | Noticed Ijyb
  2565 | D:2      | Killed Ijyb
  2565 | D:2      | Reached XP level 5. HP: 3/31 MP: 7/9
  3064 | D:3      | Found a glowing golden altar of the Shining One.
  3069 | D:3      | Noticed Kemay's ghost (average OpTm)
  3237 | D:3      | Killed Kemay's ghost
  3237 | D:3      | Reached skill level 4 in Conjurations
  3237 | D:3      | Reached XP level 6. HP: 29/36 MP: 5/12
  4064 | D:4      | Noticed Charly's ghost (average DEIE)
  4071 | D:4      | Killed Charly's ghost
  4071 | D:4      | Reached skill level 5 in Conjurations
  4145 | D:4      | Reached XP level 7. HP: 41/41 MP: 10/15
  4345 | D:4      | Reached skill level 5 in Fire Magic
  4941 | D:5      | Entered Level 5 of the Dungeon
  5054 | D:5      | Got a slimy large shield
  5070 | D:5      | Identified the cursed -5 large shield of Clauge {+Fly} (You found it on level 5 of the Dungeon)
  5179 | D:5      | HP: 2/41 [poisoned by a centaur]
  5179 | D:5      | Shot with a poisoned arrow by a centaur

Inventory:

Hand weapons
 b - a +2 dagger of venom (weapon)
Magical staves
 a - an uncursed staff of energy
Magical devices
 m - a wand of flame (14)
Scrolls
 i - 3 scrolls of fog
 k - a scroll of remove curse
 n - a scroll of recharging {unknown}
 o - 2 scrolls of blinking
 q - 3 scrolls of teleportation
 s - a scroll of enchant armour {unknown}
 t - a scroll of noise {unknown}
 u - 2 scrolls of amnesia
 v - a scroll of magic mapping {unknown}
Potions
 e - a potion of invisibility {unknown}
 f - a potion of heal wounds {unknown}
 h - a potion of curing {unknown}
 j - a potion of haste {unknown}
 l - a potion of flight {unknown}
 r - 2 potions of magic {unknown}
 w - a potion of brilliance
 x - a potion of mutation {unknown}
Books
 g - a book of Flames

   Spells                             Type                      Level
   a - Flame Tongue                   Conjuration/Fire             1
   b - Throw Flame                    Conjuration/Fire             2
   c - Conjure Flame                  Conjuration/Fire             3
   d - Inner Flame                    Hexes/Fire                   3
   e - Sticky Flame                   Conjuration/Fire             4
   f - Fireball                       Conjuration/Fire             5
Comestibles
 c - 3 bread rations
 z - a slice of pizza

Table legend:
 A = Turns spent in this place as a percentage of turns spent in the entire game.
 B = Non-inter-level travel turns spent in this place as a percentage of non-inter-level travel turns spent in the entire game.
 C = Inter-level travel turns spent in this place as a percentage of turns spent in this place.
 D = Turns resting spent in this place as a percentage of non-inter-level travel turns spent in this place.
 E = Turns spent auto-exploring this place as a percentage of non-inter-level travel turns spent in this place.
 F = Non-inter-level travel turns spent in this place divided by the number of levels of this place that you've seen.
                   A       B       C       D       E      F
               +-------+-------+-------+-------+-------+----------------------
         Total | 100.0 | 100.0 |   0.9 |   7.6 |  12.1 | 227.6
       Dungeon | 100.0 | 100.0 |   0.9 |   7.6 |  12.1 | 227.6
               +-------+-------+-------+-------+-------+----------------------


   Skills:
 - Level 2.0 Dodging
 - Level 2.6 Stealth
 + Level 4.0 Spellcasting
 + Level 5.9 Conjurations
 * Level 5.7 Fire Magic


You had 10 spell levels left.
You knew the following spells:

 Your Spells              Type           Power        Failure   Level  Hunger
a - Flame Tongue          Conj/Fire      #####        1%          1    None
b - Conjure Flame         Conj/Fire      #####...     1%          3    ##.....


Dungeon Overview and Level Annotations

Branches:
Dungeon (5/15)
 Temple: D:4-7

Altars:
The Shining One


Innate Abilities, Weirdness & Mutations

You cannot wear most types of armour.
You are amphibious.
You can wear up to eight rings at the same time.
You can use your tentacles to constrict many enemies at once.
Your skin changes colour to match your surroundings (Stealth).
Your rubbery body absorbs attacks (AC +1).


Message History

The centaur wields a shortbow.
The centaur shoots a poisoned arrow.
The poisoned arrow hits you.
You are poisoned.
You see here a poisoned arrow.
Casting: Flame Tongue
Confirm with . or Enter, or press ? or * to list all spells.
Okay, then.
You feel sick.
Casting: Flame Tongue
Confirm with . or Enter, or press ? or * to list all spells.
You can't see any susceptible monsters within range! (Use Z to cast anyway.)
You feel sick.
The centaur shoots a poisoned arrow.
The poisoned arrow hits you!
You are more poisoned.
You see here a poisoned arrow.
Casting: Flame Tongue
Confirm with . or Enter, or press ? or * to list all spells.
Aiming: Flame Tongue
Press: ? - help, Shift-Dir - straight line, f - centaur
Aim: a centaur, wielding a shortbow The flame tongue hits the centaur.
The centaur is lightly wounded.
You feel sick.
The centaur shoots a poisoned arrow.
The poisoned arrow hits you!
Casting: Flame Tongue
Confirm with . or Enter, or press ? or * to list all spells.
Aiming: Flame Tongue
Press: ? - help, Shift-Dir - straight line, f/p - centaur
Aim: a centaur, wielding a shortbow (lightly wounded)
The flame tongue hits the centaur.
The centaur is heavily wounded.
You feel sick.
The centaur shoots a poisoned arrow.
The poisoned arrow hits you!
You are more poisoned.
Drink which item? (? for menu, Esc to quit)
It was a potion of brilliance.
You feel clever all of a sudden.
You feel sick.
The centaur shoots a poisoned arrow.
The poisoned arrow hits you!
You die...

### ..# ..##
#..######
####...<....
#####...........
##....#...........
#..######.......#
##@## ##.....####
#(.# ##..##..#
#.....c..# ##..##
#.# .......###
#..## ... ......#
#.## .## ###..#
#.# # ##.# #.# ###
#.. ##.# #.######
#..#####..#
#.......


You could see a centaur.

Table legend:
 A = Kills in this place as a percentage of kills in entire the game.
 B = Kills by you in this place as a percentage of kills by you in the entire game.
 C = Kills by friends in this place as a percentage of kills by friends in the entire game.
 D = Other kills in this place as a percentage of other kills in the entire game.
 E = Experience gained in this place as a percentage of experience gained in the entire game.
 F = Experience gained in this place divided by the number of levels of this place that you have seen.
                   A       B       C       D       E      F
               +-------+-------+-------+-------+-------+----------------------
         Total | 100.0 | 100.0 |  -nan |  -nan | 100.0 | 234.8
       Dungeon | 100.0 | 100.0 |  -nan |  -nan | 100.0 | 234.8
               +-------+-------+-------+-------+-------+----------------------

Vanquished Creatures
  The ghost of Kemay the Insei, an average OpTm (D:3)
  The ghost of Charly the Magician, an average DEIE (D:4)
  A sky beast (D:4)
  An ice beast (D:5)
  A phantom (D:4)
  A giant frog zombie (D:5)
  An orc wizard (D:4)
  3 worker ants (D:4)
  Ijyb (D:2)
  Robin (D:2)
  3 adders
  3 gnolls (D:2)
  4 worms
  2 giant geckos
  7 orcs
  A ball python (D:5)
  7 bats
  A bat skeleton (D:4)
  3 giant cockroaches
  16 goblins
  11 hobgoblins
  12 kobolds
  A quokka (D:4)
  6 giant newts
  11 jackals
  9 rats
109 creatures vanquished.

Action                   |  1- 3 |  4- 6 |  7- 9 || total
-------------------------+-------+-------+-------++-------
Melee: Unarmed           |    29 |       |       ||    29
       Dagger            |    39 |    67 |    21 ||   127
 Cast: Flame Tongue      |    26 |    47 |    30 ||   103
       Conjure Flame     |     2 |     3 |     3 ||     8
Evoke: Wand              |       |     5 |     1 ||     6
  Use: Scroll            |       |       |    11 ||    11
       Potion            |       |       |     1 ||     1
 Stab: Sleeping          |     5 |     4 |     3 ||    12
       Distracted        |       |       |     1 ||     1
  Eat: Chunk             |     3 |     7 |     3 ||    13

Vault maps used:
D:1:      dpeg_arrival_shelter
D:2:      uniq_robin, uniq_iyjb
D:3:      lemuel_crystal_altar, first_bread, kennysheep_boxes
D:5:      grunt_temple_overflow_open, uniq_duvessa
